 Dungeon Crawl Stone Soup version 0.31-a0-986-g5e6e4ef867 (webtiles) character file.

Game seed: 10955939043919711316

280 FakeRyeBread the Trooper (level 6, 0/39 HPs)
             Began as a Gargoyle Fighter on Nov 4, 2023.
             Slain by a river rat (2 damage)
             ... on level 3 of the Dungeon.
             The game lasted 00:06:56 (1935 turns).

FakeRyeBread the Trooper (Gargoyle Fighter)         Turns: 1935, Time: 00:06:56

Health: 0/39       AC: 11    Str: 21    XL:     6   Next: 27%
Magic:  6/6        EV:  9    Int:  9    God:
Gold:   1301       SH:  4    Dex:  9    Spells: 5/5 levels left

rFire   . . .        a - +1 flail
rCold   . . .        c - +0 buckler
rNeg    + . .        b - +0 scale mail
rPois   ∞            (no helmet)
rElec   +            (no cloak)
rCorr   .            (no gloves)
SInv    .            (no boots)
Will    .....        (no amulet) Stlth
                     (no ring)
HPRegen 0.26/turn    (no ring)
MPRegen 0.10/turn

%: no passive effects
@: brilliant, studying Maces & Flails, very slow
A: sickness immunity, AC +4, negative energy resistance 1, electricity
resistance, torment resistance 1, petrification resistance
a: no special abilities


You were on level 3 of the Dungeon.
You visited 1 branch of the dungeon, and saw 3 of its levels.

You collected 1301 gold pieces.

Inventory:

Hand Weapons
 a - a +1 flail (weapon)
Missiles
 f - 5 boomerangs
Armour
 b - a +0 scale mail (worn)
 c - a +0 buckler (worn)
Jewellery
 k - a ring of ice
Scrolls
 e - a scroll of identify
 h - a scroll of poison {unknown}
 i - a scroll of teleportation
Potions
 d - a potion of brilliance
 g - a potion of cancellation
 j - a potion of berserk rage
 l - a potion of might


   Skills:
 + Level 4.4 Fighting
 * Level 4.3 Maces & Flails
 + Level 4.4 Armour
 + Level 4.4 Shields


You had 5 spell levels left.
You didn't know any spells.
Your spell library contained the following spells:

 Spells                   Type           Power      Damage    Failure   Level
 Magic Dart               Conj           0%         1d3       78%         1
 Lesser Beckoning         Tloc           0%         N/A       89%         2
 Searing Ray              Conj           0%         2d4       89%         2
 Dazzling Flash           Conj/Hex       0%         N/A       98%         3
 Gell's Gravitas          Tloc           0%         N/A       98%         3
 Summon Guardian Golem    Hex/Summ       0%         N/A       98%         3
 Teleport Other           Tloc           0%         N/A       98%         3
 Volatile Blastmotes      Fire/Tloc      0%         2d10      98%         3
 Fulminant Prism          Conj/Hex       0%         3d5       100%        4
 Starburst                Conj/Fire      0%         6d3       100%        6
 Orb of Destruction       Conj           0%         9d5       100%        7
 Spellforged Servitor     Conj/Summ      0%         N/A       100%        7
 Maxwell's Capacitive Co  Air            0%         ∞         100%        8


Dungeon Overview and Level Annotations

Branches:
Dungeon (3/15)

Altars:


Innate Abilities, Weirdness & Mutations

You are immune to sickness and miasma.
Your stone body is resilient. (AC +4)
You are immune to poison.
You resist negative energy. (rN+)
You are resistant to electric shocks. (rElec)
You are resistant to unholy torment.
You are immune to petrification.


Message History

The river rat closely misses you. x2
Your unstable footing causes you to fumble your attack.
You block the river rat's attack.
You barely miss the river rat.
The river rat is moderately wounded.
The river rat closely misses you.
Your unstable footing causes you to fumble your attack.
You block the river rat's attack.
You completely miss the river rat.
The river rat is moderately wounded.
The river rat bites you. You block the river rat's attack.
Your unstable footing causes you to fumble your attack.
The river rat bites you.
Your unstable footing causes you to fumble your attack.
The river rat barely misses you.
You closely miss the river rat.
The river rat is moderately wounded.
The river rat bites you but does no damage.
You barely miss the river rat.
The river rat is moderately wounded.
The river rat bites you.
* * * LOW HITPOINT WARNING * * *
The river rat bites you but does no damage.
You completely miss the river rat.
The river rat is moderately wounded.
The river rat completely misses you.
You barely miss the river rat.
The river rat is moderately wounded.
The river rat bites you!
* * * LOW HITPOINT WARNING * * *
Okay, then.
It was a potion of brilliance.
You feel clever all of a sudden. The river rat barely misses you.
Your unstable footing causes you to fumble your attack.
You hear the brisk rusting of a drain very nearby.
The river rat closely misses you.
Your unstable footing causes you to fumble your attack.
The river rat bites you.
You die...

##### ###....# #~~....#
## #~~~...# .# #~#....#
.# #@~~...# .# #r#~...#
.# #~~~~..# .## ###
#~#~...# ..###.#
#~#~...# ..|...#
~~#....#
.###..############....#
.##.....#....##.##.##.#
.##.##....###...##....#


You could see a river rat.

Vanquished Creatures
  Sigmund (D:2)
  Terence (D:2)
  4 adders
  3 worms (D:2)
  An orc (D:3)
  3 ball pythons
  5 endoplasms
  2 giant cockroaches
  4 goblins
  5 hobgoblins
  5 kobolds
  4 quokkas
  10 bats
  4 frilled lizards
  3 rats
55 creatures vanquished.

Notes
Turn   | Place    | Note
-------+----------+-------------------------------------------
     0 | D:1      | FakeRyeBread the Gargoyle Fighter began the quest for the
                  | Orb.
     0 | D:1      | Reached XP level 1. HP: 14/14 MP: 1/1
   255 | D:1      | Reached XP level 2. HP: 17/19 MP: 2/2
   718 | D:1      | Reached XP level 3. HP: 21/23 MP: 3/3
  1006 | D:2      | Noticed Sigmund
  1015 | D:2      | Noticed Terence
  1036 | D:2      | Killed Sigmund
  1037 | D:2      | Reached XP level 4. HP: 19/29 MP: 4/4
  1037 | D:2      | Reached XP level 5. HP: 22/33 MP: 5/5
  1040 | D:2      | Killed Terence
  1041 | D:2      | Reached XP level 6. HP: 27/39 MP: 6/6
  1589 | D:2      | Identified 2 scrolls of acquirement
  1589 | D:2      | Acquired a manual of Maces & Flails
  1591 | D:2      | Acquired 1146 gold pieces
  1932 | D:3      | HP: 1/39 [river rat (8)]
  1935 | D:3      | Slain by a river rat

Illustrated notes

Levels and vault maps discovered:
D:1:      mrwooster_arrival_statue_2, layout_loops_ring, minmay_hedge_maze
D:2:      layout_loops_cross, wander_ebering_terrifying_dragon_lair,
          uniq_terence, uniq_sigmund
D:3:      layout_rooms, shapermc_ecumenical_altar_venn,
          lightli_sewer_entry_pipes

Skill      XL: |  1  2  3  4  5 |
---------------+----------------+-----
Fighting       | 4 |  4.4
Maces & Flails | 3 4 |  4.3
Armour         | 4 |  4.4
Shields        | 4 |  4.4

Action                     |  1- 3 |  4- 6 || total
---------------------------+-------+-------++-------
  Melee: Flail             |   135 |   100 ||   235
    Use: Potion            |     3 |     1 ||     4
         Scroll            |       |     7 ||     7
 Armour: Scale mail        |    93 |    66 ||   159
  Dodge: Dodged            |    53 |    45 ||    98
  Block: Buckler           |    35 |    20 ||    55

Table legend: (Time is in decaauts)
 A = Elapsed time spent in this place.
 B = Non-inter-level travel time spent in this place.
 C = Inter-level travel time spent in this place.
 D = Time resting spent in this place.
 E = Time spent auto-exploring this place.
 F = Levels seen in this place.
 G = Mean time per level.
                   A        B        C        D        E       F      G
               +--------+--------+--------+--------+--------+-----+--------+
         Total |   2000 |   1705 |    295 |     93 |   1008 |   3 |  666.7 |
       Dungeon |   2000 |   1705 |    295 |     93 |   1008 |   3 |  666.7 |
               +--------+--------+--------+--------+--------+-----+--------+

Top non-repeatable levels by time:
     D:2: 916 daAuts
     D:1: 780 daAuts
     D:3: 303 daAuts
